 Dungeon Crawl Stone Soup version 0.32-a0-711-g016ad74 (webtiles) character file.

Game seed: 17472219272270963213

2972 PidgeyThePirate the Skirmisher (level 9, -5/71 HPs)
             Began as a Coglin Hunter on Mar 15, 2024.
             Was a Priest of Okawaru.
             Slain by a gargoyle
             ... wielding a +0 mace
              (15 damage)
             ... in a bailey.
             The game lasted 00:15:07 (6222 turns).

PidgeyThePirate the Skirmisher (Coglin Hunter)      Turns: 6222, Time: 00:15:10

Health: -5/71      AC:  4    Str: 13    XL:     9   Next: 82%
Magic:  8/9        EV: 12    Int: 13    God:    Okawaru [***...]
Gold:   363        SH:  0    Dex: 18    Spells: 8/8 levels left

rFire   + . .        a - +2 sling {Ekveer}
rCold   . . .        d - +0 sling {Qiuyue}
rNeg    . . .        c - +0 leather armour
rPois   .            (no helmet)
rElec   .            (no cloak)
rCorr   .            (no gloves)
SInv    .            (no boots)
Will    .....        (amulet unavailable)
Stlth   ++           (ring unavailable)
HPRegen 0.31/turn    (ring unavailable)
MPRegen 0.11/turn    (no gizmo)

%: no passive effects
@: invisible, revved
A: off-hand wielding, slow wielding, warmup strikes, no jewellery, clever 1,
fire resistance 1, shaggy fur 1
a: Invent Gizmo, Renounce Religion, Heroism


You were in a bailey.
You worshipped Okawaru.
Okawaru was most pleased with you.
You visited 2 branches of the dungeon, and saw 8 of its levels.
You also visited: Bailey.

You collected 363 gold pieces.

Inventory:

Hand Weapons
 a - a +2 sling (weapon) {Ekveer}
 d - a +0 sling (offhand) {Qiuyue}
Armour
 c - a +0 leather armour (worn)
Wands
 g - a wand of polymorph (8)
Scrolls
 b - a scroll of butterflies
 e - 3 scrolls of teleportation
 h - 2 scrolls of amnesia
 i - a scroll of enchant armour
 j - 2 scrolls of noise
 k - 2 scrolls of vulnerability
 n - 3 scrolls of fear
 p - a scroll of immolation {unknown}
 t - a scroll of fog
Potions
 f - 2 potions of curing
 m - 2 potions of enlightenment
 o - a potion of resistance {unknown}
 r - a potion of ambrosia {unknown}
 s - a potion of brilliance


   Skills:
 + Level 6.7 Fighting
 + Level 10.5 Ranged Weapons
 + Level 2.5 Armour
 + Level 3.0 Dodging
 + Level 1.2 Stealth


You had 8 spell levels left.
You didn't know any spells.
Your spell library contained the following spells:

 Spells                   Type           Power      Damage    Failure   Level
 Static Discharge         Conj/Air       0%         3-3/arc   52%         2
 Stone Arrow              Conj/Erth      0%         3d7       75%         3
 Airstrike                Air            0%         2d(0-16)  98%         4
 Lehudib's Crystal Spear  Conj/Erth      0%         10d2      100%        8
 Animate Armour           Summ/Erth      Unusable   N/A       N/A         4
 Summon Lightning Spire   Summ/Air       Unusable   N/A       N/A         4

Dungeon Overview and Level Annotations

Branches:
Dungeon (7/15)             Temple (1/1) D:4          Bailey (1/1)

Altars:
Ashenzari
Cheibriados
Fedhas
Gozag
Hepliaklqana
Makhleb
Nemelex Xobeh
Okawaru
Qazlal
Ru
Sif Muna
Trog
Vehumet
Wu Jian
Yredelemnul
Zin
The Shining One

Shops:
D:1 [   D:3 (


Innate Abilities, Weirdness & Mutations

You can wield a second weapon in your off-hand.
It takes a long time for you to wield or remove held weapons.
Your first few attacks do less damage.
You cannot equip rings or amulets.
Your mind is acute. (Int +4, Str/Dex -1)
Your flesh is heat resistant. (rF+)
You are covered in fur. (AC +1)


Message History

The sling bullet hits the gargoyle but does no damage.
The gargoyle is heavily damaged.
You shoot a sling bullet.
The sling bullet hits the gargoyle but does no damage.
The gargoyle is heavily damaged.
You shoot a sling bullet.
The sling bullet hits the gargoyle but does no damage.
The gargoyle is heavily damaged.
You shoot a sling bullet. The sling bullet hits the gargoyle!
The gargoyle is almost destroyed.
The gargoyle hits you with a +0 mace!
* * * LOW HITPOINT WARNING * * *
You feel better.
You feel like a meek peon again. The gargoyle closely misses you.
You shoot a sling bullet. The sling bullet hits the gargoyle.
The gargoyle is almost destroyed.
You shoot a sling bullet.
The sling bullet hits the gargoyle but does no damage.
The gargoyle is almost destroyed.
The gargoyle hits you with a +0 mace!!
* * * LOW HITPOINT WARNING * * *
Okay, then.
As you read the scroll labelled RANUR WARCH, it dissolves into smoke.
It was a scroll of fog.
The gargoyle barely misses you.
You shoot a sling bullet.
The sling bullet hits the gargoyle but does no damage.
The gargoyle is almost destroyed.
You shoot a sling bullet.
The sling bullet hits the gargoyle but does no damage.
The gargoyle is almost destroyed.
The gargoyle barely misses you.
You shoot a sling bullet.
The sling bullet hits the gargoyle but does no damage.
The gargoyle is almost destroyed.
You shoot a sling bullet.
The sling bullet hits the gargoyle but does no damage.
The gargoyle is almost destroyed.
The gargoyle hits you with a +0 mace!
You die...

..'......♣........#ß...♣♣
..#.....♣.........#.....♣
'##....♣♣....####'#.....♣
.#.....♣♣....#....#.....♣
÷#...........#....#....♣♣
.#..♣....♣...#..#'##'#♣♣
##...........#..#§§..#
#........#...####§§..#
#.......####..§§@§§..#
#ß.....## ##.§§9§§..#
######## #.§§#.§..#
......#....#
#......#+#### ##.....
######


You could see a gargoyle (unable to see you).

Vanquished Creatures
  Grinder (D:5)
  Edmund (D:5)
  A water moccasin (D:6)
  An ice beast (D:5)
  An ogre (D:5)
  2 sky beasts (D:7)
  A phantom (D:5)
  2 kobold brigands
  A bullfrog (D:6)
  A wyvern zombie (D:5)
  2 scorpions
  4 wights (D:5)
  A water moccasin zombie (D:5)
  9 vampire bats (Bailey)
  7 wolf zombies (Bailey)
  3 bullfrog zombies (D:5)
  2 hounds
  2 bombardier beetles
  A bullfrog skeleton (D:5)
  2 jellies
  A gnoll bouda (D:5)
  2 iguanas
  An orc wizard (D:3)
  A scorpion zombie (D:5)
  2 hound zombies (D:5)
  3 adders
  15 gnolls
  A shadow imp (D:5)
  4 ufetubi
  2 dart slugs
  A ribbon worm (D:2)
  13 orcs
  6 ball pythons
  6 endoplasms
  3 giant cockroaches
  2 goblins (D:4)
  8 hobgoblins
  17 kobolds
  2 quokkas
  5 bats
  13 frilled lizards
  19 orc zombies (Bailey)
  5 rats
177 creatures vanquished.

Vanquished Creatures (others)
  An orc wizard (D:3)
1 creature vanquished.

Grand Total: 178 creatures vanquished

Notes
Turn   | Place    | Note
-------+----------+-------------------------------------------
     0 | D:1      | PidgeyThePirate the Coglin Hunter began the quest for the
                  | Orb.
     0 | D:1      | Reached XP level 1. HP: 16/16 MP: 1/1
   306 | D:1      | Reached skill level 1 in Stealth
   312 | D:1      | Reached XP level 2. HP: 22/22 MP: 2/2
   320 | D:1      | Found Meqovir's Armour Shop.
   494 | D:1      | Reached skill level 4 in Ranged Weapons
   729 | D:2      | Reached XP level 3. HP: 27/27 MP: 3/3
  1114 | D:2      | Identified the +5 dagger of the Big Bang {vamp, Str+3
                  | Int+3}
  1141 | D:2      | Reached XP level 4. HP: 34/34 MP: 4/4
  1343 | D:3      | Reached skill level 5 in Ranged Weapons
  1344 | D:3      | Reached XP level 5. HP: 30/39 MP: 5/5
  1392 | D:3      | Found a blossoming altar of Fedhas.
  1569 | D:3      | Found Luprau's Weapon Boutique.
  2073 | D:4      | Reached skill level 1 in Armour
  2155 | D:4      | Found a staircase to the Ecumenical Temple.
  2176 | Temple   | Entered the Ecumenical Temple
  2196 | Temple   | Became a worshipper of Warmaster Okawaru
  2246 | D:4      | Reached XP level 6. HP: 35/46 MP: 6/6
  2548 | D:4      | Found a snail-covered altar of Cheibriados.
  2746 | D:4      | Gained mutation: Your body sometimes deteriorates upon
                  | taking damage. [potion of mutation]
  2746 | D:4      | Gained mutation: You are partially covered in iridescent
                  | scales. (AC +2) [potion of mutation]
  2755 | D:4      | Reached skill level 6 in Ranged Weapons
  3031 | D:5      | Entered Level 5 of the Dungeon
  3165 | D:5      | Noticed Edmund
  3353 | D:5      | Noticed an ice beast
  3372 | D:5      | Killed an ice beast
  3373 | D:5      | Reached XP level 7. HP: 25/53 MP: 7/7
  3513 | D:5      | Reached * piety under Okawaru
  3537 | D:5      | Reached skill level 7 in Ranged Weapons
  3943 | D:5      | Killed Edmund
  3944 | D:5      | Reached XP level 8. HP: 61/61 MP: 8/8
  3994 | D:5      | Reached ** piety under Okawaru
  4216 | D:5      | Reached skill level 8 in Ranged Weapons
  4238 | D:5      | Reached skill level 5 in Fighting
  4563 | D:5      | Noticed Grinder
  4586 | D:5      | Killed Grinder
  4587 | D:5      | Reached skill level 9 in Ranged Weapons
  4587 | D:5      | Reached XP level 9. HP: 62/69 MP: 9/9
  4667 | D:5      | Found a basalt altar of Yredelemnul.
  4865 | D:6      | Reached *** piety under Okawaru
  5011 | D:6      | Found a radiant altar of Vehumet.
  5061 | D:6      | Found an opulent altar of Gozag.
  5227 | D:6      | Found a burning altar of Makhleb.
  5683 | D:7      | Found a flagged portal.
  5715 | Bailey   | Entered a bailey
  5788 | Bailey   | Lost mutation: Your body sometimes deteriorates upon taking
                  | damage. [potion of mutation]
  5788 | Bailey   | Lost mutation: You are partially covered in iridescent
                  | scales. (AC +2) [potion of mutation]
  5788 | Bailey   | Gained mutation: You are covered in fur. (AC +1) [potion of
                  | mutation]
  5788 | Bailey   | Gained mutation: Your mind is acute. (Int +4, Str/Dex -1)
                  | [potion of mutation]
  5788 | Bailey   | Gained mutation: Your flesh is heat resistant. (rF+)
                  | [potion of mutation]
  5840 | Bailey   | Reached skill level 10 in Ranged Weapons
  6198 | Bailey   | Noticed a gargoyle
  6222 | Bailey   | Slain by a gargoyle

Illustrated notes

Levels and vault maps discovered:
D:1:      dpeg_arrival_round_a, layout_basic, serial_shops,
          nicolae_shop_advertising_works [nicolae_subvault_shop_adworks],
          chequers_serial_rivers_micro_b, wad_floor_pattern_untrapped
D:2:      layout_rooms, serial_forest, infiniplex_forest_clump_long,
          infiniplex_forest_clump_long, infiniplex_forest_lined_4_way,
          infiniplex_forest_diagonal, infiniplex_forest_corner_2,
          infiniplex_forest_straight_4, infiniplex_forest_clump_diagonal,
          minmay_lizard_king
D:3:      layout_loops_ring, lemuel_doored_altar, serial_shops,
          nicolae_shop_peninsula, kennysheep_path_1
D:4:      layout_gridville, mainiacjoe_overflow_24_doors,
          minmay_temple_entry_arrows
D:5:      layout_loops_corners, kennysheep_mini, nicolae_overflow_hidden_temple,
          serial_undead, serial_undead_e, serial_undead_d, serial_undead_d,
          serial_undead_d, grunt_ministairs_14, uniq_edmund, uniq_grinder
D:6:      layout_loops_ring, mainiacjoe_overflow_catwalk, lemuel_tele_altar,
          mainiacjoe_overflow_cross_hatched
D:7:      layout_loops_cross, enter_bailey_6
Temple:   nicolae_temple_bog_church
Bailey:   bailey_polearm_vampire_castle_hellmonk, bailey

Skill      XL: |  1  2  3  4  5  6  7  8  9 |
---------------+----------------------------+-----
Stealth        | 1 |  1.2
Ranged Weapons | 4 5 6 7 9 10 | 10.5
Dodging        | 2 3 |  3.0
Armour         | 1 2 |  2.5
Fighting       | 3 4 5 6 |  6.7

Action                     |  1- 3 |  4- 6 |  7- 9 || total
---------------------------+-------+-------+-------++-------
  Melee: Unarmed           |       |       |     5 ||     5
   Fire: Sling             |   136 |   296 |   770 ||  1202
 Invoke: Heroism           |       |       |     1 ||     1
    Use: Scroll            |       |     5 |     6 ||    11
         Potion            |       |    10 |     4 ||    14
 Armour: Leather armour    |    14 |    69 |   147 ||   230
         Skin              |       |       |     1 ||     1
  Dodge: Dodged            |    13 |    53 |   145 ||   211

Table legend: (Time is in decaauts)
 A = Elapsed time spent in this place.
 B = Non-inter-level travel time spent in this place.
 C = Inter-level travel time spent in this place.
 D = Time resting spent in this place.
 E = Time spent auto-exploring this place.
 F = Levels seen in this place.
 G = Mean time per level.
                   A        B        C        D        E       F      G
               +--------+--------+--------+--------+--------+-----+--------+
         Total |   6211 |   6007 |    204 |      0 |   4586 |   9 |  690.1 |
       Dungeon |   5678 |   5509 |    169 |      0 |   4310 |   7 |  811.1 |
        Temple |     39 |      4 |     35 |      0 |      0 |   1 |   39.0 |
        Bailey |    493 |    493 |      0 |      0 |    276 |   1 |  493.0 |
               +--------+--------+--------+--------+--------+-----+--------+

Top non-repeatable levels by time:
     D:5: 1803 daAuts
     D:4: 980 daAuts
     D:3: 834 daAuts
     D:6: 780 daAuts
     D:1: 711 daAuts
  Bailey: 493 daAuts
     D:2: 483 daAuts
     D:7: 84 daAuts
  Temple: 39 daAuts
